 Dungeon Crawl Stone Soup version 0.30-a0-29-g142975f185 (webtiles) character file.

Game seed: 10955612617321812300

8256 Kenerdel the Covert (level 11, -10/49 HPs)
             Began as a Spriggan Enchanter on Aug 26, 2022.
             Was a Believer of Dithmenos.
             Mangled by Snorg (28 damage)
             ... on level 10 of the Dungeon.
             The game lasted 00:27:49 (12024 turns).

Kenerdel the Covert (Spriggan Enchanter)           Turns: 12024, Time: 00:27:50

Health: -10/49     AC:  3    Str: 11    XL:     11   Next: 7%
Magic:  34/37      EV: 17    Int: 23    God:    Dithmenos [**....]
Gold:   1664       SH:  0    Dex: 13    Spells: 23/34 levels left

rFire   + + +      SeeInvis +    q - +6 dagger of Xamuek {venom, rF+++ rCorr Str+3 Dex-3}
rCold   . . .      Faith    .    n - orb {guile}
rNeg    . . .      Spirit   .    x - +1 robe {Will+}
rPois   .          Reflect  .    (helmet restricted)
rElec   .          Harm     .    (no cloak)
rCorr   +          Rampage  .    (gloves unavailable)
Will    .....                    (boots unavailable)
Stlth   +++++++...               (no amulet)
HPRegen 0.16/turn                g - ring of magical power
MPRegen 0.25/turn                p - +6 ring of intelligence

@: confusing by touch, wreathed by umbra, very quick
A: very small, no large weapons, unfitting armour, see invisible, speed 3
a: Renounce Religion, Shadow Step


You were on level 10 of the Dungeon.
You worshipped Dithmenos.
Dithmenos was pleased with you.
You visited 2 branches of the dungeon, and saw 11 of its levels.

You collected 1664 gold pieces.

Inventory:

Hand Weapons
 a - a +3 dagger
 o - a +2 dagger of holy wrath
 q - the +6 dagger of Xamuek (weapon) {venom, rF+++ rCorr Str+3 Dex-3}
   (You found it on level 5 of the Dungeon)

   It poisons the flesh of those it strikes.
   Str:       It affects your strength (+3).
   Dex:       It affects your dexterity (-3).
   rF:        It renders you almost immune to fire.
   rCorr:     It protects you from acid and corrosion.
Missiles
 e - 9 poisoned darts (quivered)
 m - 7 atropa-tipped darts
 E - a curare-tipped dart
Armour
 n - an orb of guile (worn)
 x - a +1 robe of willpower (worn)
 y - +1 steam dragon scales
Jewellery
 g - a ring of magical power (left hand)
 p - a +6 ring of intelligence (right hand)
 D - a ring of resist corrosion
Wands
 b - a wand of iceblast (18)
 i - a wand of flame (26)
 l - a wand of light (13)
 u - a wand of charming (18)
 v - a wand of digging (6)
 A - a wand of polymorph (7)
Scrolls
 s - 3 scrolls of butterflies
 t - a scroll of teleportation
 F - a scroll of magic mapping
Potions
 c - 3 potions of invisibility
 d - a potion of berserk rage
 f - 3 potions of curing
 h - 2 potions of lignification
 j - 3 potions of heal wounds
 k - 4 potions of ambrosia
 w - 2 potions of haste
 z - a potion of brilliance
 B - a potion of attraction {unknown}
 C - a potion of cancellation
 G - a potion of flight


   Skills:
 + Level 1.3 Fighting
 + Level 2.4 Short Blades
 + Level 3.8 Dodging
 + Level 14.5 Stealth
 + Level 12.2 Spellcasting
 + Level 12.4 Hexes


You had 23 spell levels left.
You knew the following spells:

 Your Spells              Type           Power      Damage    Failure   Level
a - Ensorcelled Hibernat  Hex/Ice        84%        N/A       1%          2
b - Tukima's Dance        Hex            64%        N/A       1%          3
c - Dazzling Flash        Conj/Hex       84%        N/A       1%          3
d - Confusing Touch       Hex            64%        N/A       1%          3

Your spell library contained the following spells:

 Spells                   Type           Power      Damage    Failure   Level
 Static Discharge         Conj/Air       28%        3-5/arc   7%          2
 Sublimation of Blood     Necr           14%        N/A       7%          2
 Gell's Gravitas          Tloc           14%        N/A       14%         3
 Teleport Other           Tloc           14%        N/A       14%         3
 Airstrike                Air            7%         2d(1-17)  41%         4
 Animate Dead             Necr           14%        N/A       41%         4
 Dispel Undead            Necr           14%        3d10      41%         4
 Petrify                  Tmut/Erth      14%        N/A       41%         4
 Sticky Flame             Conj/Fire      14%        2d4       41%         4
 Summon Lightning Spire   Summ/Air       14%        N/A       41%         4
 Irradiate                Conj/Tmut      7%         3d14      77%         5
 Lightning Bolt           Conj/Air       7%         1d19      77%         5
 Dispersal                Tloc           7%         N/A       100%        6
 Haunt                    Necr/Summ      7%         N/A       100%        7
 Infestation              Necr           7%         N/A       100%        8


Dungeon Overview and Level Annotations

Branches:
Dungeon (10/15)            Temple (1/1) D:7            Lair (0/5) D:9
    Orc: D:9-12

Altars:
Ashenzari
Cheibriados
Dithmenos
Fedhas
Gozag
Okawaru
Trog
Vehumet
Wu Jian
Xom
Zin
The Shining One

Shops:
D:1 ?   D:6 :   D:10 :

Annotations:
D:10 Snorg


Innate Abilities, Weirdness & Mutations

You are very small and have problems with some larger weapons.
You are too small for most types of armour.
You have supernaturally acute eyesight. (SInv)
You cover ground extremely quickly. (Speed+++)


Message History

Unknown command.
Aiming: Bolt of Light
Press: ? - help, Shift-Dir - straight line, f/p - Snorg
Aim: Snorg (severely wounded, berserk, umbra, 71% to hit)
The bolt of light hits Snorg!
Snorg is almost dead.
Snorg is blinded.
Snorg bites you. Snorg misses you. Snorg claws you!
Unknown command.
You barely miss Snorg.
Snorg is almost dead.
Snorg completely misses you. Snorg closely misses you. Snorg barely misses you.
Snorg completely misses you. x2; Snorg barely misses you.
You closely miss Snorg.
Snorg is severely wounded.
Snorg completely misses you. Snorg claws you. Snorg completely misses you.
You closely miss Snorg.
Snorg is severely wounded.
Snorg bites you! Snorg barely misses you. Snorg claws you!
* * * LOW HITPOINT WARNING * * *
You are too injured to fight recklessly!
You are too injured to fight recklessly!
Snorg is no longer blind.
Snorg rages.
Snorg rages.
Aiming: Bolt of Light
Press: ? - help, Shift-Dir - straight line, f/p - Snorg
Aim: Snorg (severely wounded, berserk, umbra, 71% to hit)
The bolt of light hits Snorg!
Snorg is severely wounded.
Snorg is blinded.
Snorg barely misses you. Snorg misses you. x2
Casting: Ensorcelled Hibernation (safe; 1% risk of failure)
Confirm with . or Enter, or press ? or * to list all spells.
Your hands begin to glow red.
Snorg misses you. Snorg claws you.
* * * LOW HITPOINT WARNING * * *
Snorg claws you!
* * * LOW HITPOINT WARNING * * *
Unknown command.
You feel much better. Snorg bites you!!
Ouch! That really hurt!
You die...

######......##
#............#
#......#.....#
#......#.....#
#......####...
#......# ###
#......#
#.....T#
#.....@#
########


You could see Snorg (berserk, blind).

Vanquished Creatures
  Maggie (D:8)
  Psyche (D:8)
  Grinder (D:4)
  Prince Ribbit (D:6)
  Sigmund (D:2)
  A wraith (D:10)
  A wyvern (D:9)
  15 yaks
  2 steam dragons
  An acid dragon (D:9)
  5 water moccasins
  2 ice beasts (D:7)
  Duvessa (D:4)
  3 black bears (D:9)
  A centaur (D:7)
  2 ogres (D:5)
  3 kobold brigands
  2 phantoms
  4 bullfrogs
  3 scorpions
  A necrophage (D:5)
  6 wights
  Dowan (D:4)
  5 howler monkeys
  5 jellies
  7 orc priests
  3 hounds (D:6)
  A gnoll bouda (D:6)
  An iguana (D:5)
  Ijyb (D:3)
  11 orc wizards
  2 gnolls (D:6)
  7 adders
  A shadow imp (D:6)
  2 white imps
  2 ufetubi
  3 worms
  2 dart slugs
  25 orcs
  6 ball pythons
  3 bats
  7 endoplasms
  2 giant cockroaches
  2 goblins (D:1)
  4 hobgoblins
  16 jackals
  3 quokkas (D:1)
  4 frilled lizards
  12 kobolds
  6 rats
202 creatures vanquished.

Vanquished Creatures (collateral kills)
  Edmund (D:4)
  An orc warrior (D:8)
  6 wights
  An orc priest (D:5)
  Jessica (D:2)
  3 gnolls (D:6)
  4 orcs
  A hobgoblin (D:4)
18 creatures vanquished.

Vanquished Creatures (others)
  3 dancing weapons
  17 fungi (D:9)
  26 plants (D:9)
46 creatures vanquished.

Grand Total: 266 creatures vanquished

Notes
Turn   | Place    | Note
-------+----------+-------------------------------------------
     0 | D:1      | Kenerdel the Spriggan Enchanter began the quest for the
                  | Orb.
     0 | D:1      | Reached XP level 1. HP: 9/9 MP: 5/5
   366 | D:1      | Reached XP level 2. HP: 4/13 MP: 7/7
   429 | D:1      | Learned a level 2 spell: Ensorcelled Hibernation
   694 | D:1      | Found Daifoq's Magic Scroll Boutique.
   789 | D:1      | Noticed a golden eye
  1197 | D:1      | Noticed a floating eye
  1199 | D:1      | Found a faded altar of an unknown god.
  1203 | D:1      | Noticed an eye of devastation
  1203 | D:1      | Noticed a shining eye
  1270 | D:1      | Reached XP level 3. HP: 11/16 MP: 9/9
  1274 | D:1      | Learned a level 3 spell: Tukima's Dance
  1278 | D:1      | Learned a level 3 spell: Confusing Touch
  2241 | D:2      | Noticed Jessica
  2244 | D:2      | Noticed Sigmund
  2250 | D:2      | Killed Jessica
  2251 | D:2      | Reached skill level 5 in Hexes
  2251 | D:2      | Reached XP level 4. HP: 10/21 MP: 11/11
  2261 | D:2      | Killed Sigmund
  2262 | D:2      | Reached skill level 5 in Spellcasting
  2262 | D:2      | Reached XP level 5. HP: 4/24 MP: 7/14
  3057 | D:3      | Noticed Ijyb
  3066 | D:3      | Killed Ijyb
  3067 | D:3      | Reached XP level 6. HP: 28/28 MP: 15/15
  3124 | D:3      | Reached skill level 5 in Stealth
  3817 | D:4      | Noticed Dowan
  3819 | D:4      | Noticed Duvessa
  3844 | D:4      | Killed Dowan
  3849 | D:4      | Killed Duvessa
  3850 | D:4      | Reached skill level 6 in Stealth
  3850 | D:4      | Reached XP level 7. HP: 3/32 MP: 8/17
  4266 | D:4      | Noticed Grinder
  4284 | D:4      | Killed Grinder
  4285 | D:4      | Reached skill level 7 in Stealth
  4342 | D:4      | Noticed Edmund
  4355 | D:4      | Killed Edmund
  4356 | D:4      | Reached XP level 8. HP: 22/36 MP: 17/20
  4678 | D:4      | Reached skill level 8 in Stealth
  5199 | D:5      | Entered Level 5 of the Dungeon
  5528 | D:5      | Reached skill level 9 in Stealth
  5855 | D:5      | Found an iron altar of Okawaru.
  5914 | D:5      | Noticed a moth of wrath
  5918 | D:5      | Found a bloodstained altar of Trog.
  6062 | D:5      | Identified the +6 dagger of Xamuek {venom, rF+++ rCorr
                  | Str+3 Dex-3}
  6209 | D:6      | Found Voug's Self-Improvement Boutique.
  6261 | D:6      | Learned a level 3 spell: Dazzling Flash
  6868 | D:6      | Noticed Prince Ribbit
  6872 | D:6      | Killed Prince Ribbit
  6873 | D:6      | Reached skill level 10 in Stealth
  6873 | D:6      | Reached XP level 9. HP: 39/39 MP: 23/23
  7496 | D:7      | Found a staircase to the Ecumenical Temple.
  7530 | Temple   | Entered the Ecumenical Temple
  7588 | Temple   | Became a worshipper of Dithmenos the Shadowed
  7662 | D:7      | Reached skill level 11 in Stealth
  7662 | D:7      | Reached skill level 10 in Hexes
  7965 | D:7      | Reached skill level 10 in Spellcasting
  8529 | D:7      | Found a faded altar of an unknown god.
  8529 | D:7      | Found a glowing silver altar of Zin.
  8536 | D:7      | Reached * piety under Dithmenos
  8586 | D:7      | Found a radiant altar of Vehumet.
  8588 | D:7      | Found an opulent altar of Gozag.
  8590 | D:7      | Found a faded altar of an unknown god.
  8786 | D:8      | Noticed Psyche
  8798 | D:8      | Reached skill level 12 in Stealth
  8806 | D:8      | Paralysed by you for 3 turns
  8817 | D:8      | Killed Psyche
  8978 | D:8      | Found a snail-covered altar of Cheibriados.
  9006 | D:8      | Reached XP level 10. HP: 43/44 MP: 25/25
  9353 | D:8      | Noticed Maggie
  9358 | D:8      | Killed Maggie
  9373 | D:8      | Identified a scroll of acquirement
  9373 | D:8      | Acquired 1032 gold pieces
  9528 | D:8      | Found a broken altar of Ashenzari.
  9532 | D:8      | Saw a vision of the Shoals and the Spider Nest.
  9532 | D:8      | Noticed a wolf spider
  9532 | D:8      | Noticed a moth of wrath
  9532 | D:8      | Noticed an orb spider
  9532 | D:8      | Noticed a pharaoh ant
  9532 | D:8      | Noticed a sea snake
  9532 | D:8      | Noticed a manticore
  9532 | D:8      | Noticed a water nymph
  9532 | D:8      | Noticed a merfolk siren
  9533 | D:8      | Noticed a wolf spider
  9534 | D:8      | Noticed a merfolk avatar
  9534 | D:8      | Noticed a sea snake
  9538 | D:8      | Noticed an orb spider
  9543 | D:8      | Noticed a ghost moth
  9583 | D:8      | Reached skill level 13 in Stealth
  9755 | D:8      | Found a glowing golden altar of the Shining One.
  9756 | D:8      | Found an ornate altar of the Wu Jian Council.
 10002 | D:9      | Found a staircase to the Lair.
 10615 | D:9      | Reached skill level 14 in Stealth
 10742 | D:9      | Reached ** piety under Dithmenos
 11136 | D:9      | Identified the +1 ring mail "Bootev" {rN+ Str+3 Int-2}
 11214 | D:10     | Entered Level 10 of the Dungeon
 11619 | D:10     | Reached skill level 1 in Fighting
 11621 | D:10     | Reached XP level 11. HP: 39/49 MP: 25/28
 11759 | D:10     | Found Tait's Book Shop.
 11760 | D:10     | Noticed Snorg
 12023 | D:10     | HP: 2/49 [Snorg (8)]
 12024 | D:10     | Mangled by Snorg

Illustrated notes

Levels and vault maps discovered:
D:1:      lemuel_arrival_cross, layout_basic, serial_shops, nicolae_shop_trees,
          hellmonk_ecumenical_altar_watching_god, serial_park_tiny_2
D:2:      layout_rooms, uniq_sigmund, uniq_jessica
D:3:      layout_rooms, wad_floor_pattern_2, uniq_ijyb
D:4:      layout_basic, uniq_grinder, uniq_duvessa, uniq_edmund
D:5:      layout_cave_pools, tgw_trog, okawaru_gym_becter
D:6:      layout_loops_corners, nicolae_shop_self_help, uniq_prince_ribbit1
D:7:      layout_basic, chequers_temple_overflow_minitemple,
          minmay_temple_entry_glass, minmay_misc_feat_hallway
D:8:      layout_gridville, mainiacjoe_overflow_small_starburst,
          grunt_ashenzari_visionary [grunt_ashenzari_visionary_shoals,
          grunt_ashenzari_visionary_spider],
          chequers_temple_overflow_statue_of_worship, uniq_psyche, uniq_maggie
D:9:      layout_basic, due_lair_maze_entry_diamond, minmay_misc_feat_chi
D:10:     layout_basic, serial_shops, shop, shop, shop, nicolae_take_the_stairs,
          uniq_snorg
Temple:   oiseaux_autumnal_temple

Skill      XL: |  1  2  3  4  5  6  7  8  9 10 |
---------------+-------------------------------+-----
Spellcasting   | 3 4 5 6 7 9 10 12 | 12.2
Hexes          | 4 5 6 7 9 11 12 | 12.4
Stealth        | 6 7 10 12 14 | 14.5
Dodging        | 3 |  3.8
Short Blades   | 2 |  2.4
Fighting       | 1 |  1.3

Action                   |  1- 3 |  4- 6 |  7- 9 | 10-12 || total
-------------------------+-------+-------+-------+-------++-------
Melee: Dagger            |   102 |   126 |   213 |   161 ||   602
       Unarmed           |       |       |    17 |       ||    17
Throw: Dart              |     5 |       |       |       ||     5
 Cast: Ensorcelled Hiber |     6 |     8 |    32 |    42 ||    88
       Tukima's Dance    |     1 |     7 |    11 |    13 ||    32
       Confusing Touch   |     1 |     2 |     8 |     5 ||    16
Evoke: Wand              |       |     6 |     4 |     3 ||    13
  Use: Scroll            |     8 |     2 |    10 |     7 ||    27
       Potion            |     2 |     3 |     1 |     1 ||     7
 Stab: Sleeping          |    11 |     9 |    46 |    28 ||    94
       Distracted        |       |     1 |       |     1 ||     2
       Invisible         |       |     2 |     4 |     1 ||     7
       Confused          |       |       |     6 |     2 ||     8
Armor: Robe              |     9 |     7 |    15 |    14 ||    45
       Skin              |       |       |     3 |       ||     3
Dodge: Dodged            |    71 |   114 |   133 |   139 ||   457

Table legend: (Time is in decaauts)
 A = Elapsed time spent in this place.
 B = Non-inter-level travel time spent in this place.
 C = Inter-level travel time spent in this place.
 D = Time resting spent in this place.
 E = Time spent auto-exploring this place.
 F = Levels seen in this place.
 G = Mean time per level.
                   A        B        C        D        E       F      G
               +--------+--------+--------+--------+--------+-----+--------+
         Total |   9814 |   9691 |    123 |   1500 |   6407 |  11 |  892.2 |
       Dungeon |   9754 |   9641 |    113 |   1500 |   6367 |  10 |  975.4 |
        Temple |     59 |     49 |     10 |      0 |     40 |   1 |   59.0 |
               +--------+--------+--------+--------+--------+-----+--------+

Top non-repeatable levels by time:
     D:1: 1403 daAuts
     D:4: 1234 daAuts
     D:7: 1124 daAuts
     D:9: 1029 daAuts
     D:6: 1016 daAuts
     D:3: 921 daAuts
     D:8: 824 daAuts
    D:10: 739 daAuts
     D:5: 736 daAuts
     D:2: 723 daAuts
  Temple: 59 daAuts
